 Dungeon Crawl Stone Soup version 0.21.1-1-g345015f (webtiles) character file.

434 nikopol the Chopper (level 7, -3/44 HPs)
             Began as a Gargoyle Berserker on June 24, 2018.
             Was a Believer of Trog.
             Splashed by Ijyb's acid (16 damage)
             ... on level 5 of the Dungeon.
             The game lasted 00:07:54 (3705 turns).

nikopol the Chopper (Gargoyle Berserker)            Turns: 3705, Time: 00:07:55

Health: -3/44      AC: 12    Str: 21    XL:     7   Next: 0%
Magic:  7/7        EV: 10    Int:  8    God:    Trog [**....]
Gold:   167        SH:  0    Dex: 10    Spells: 6/6 levels left

rFire    . . .     SeeInvis .   a - +0 war axe
rCold    . . .     Gourm    .   (no shield)
rNeg     + . .     Faith    .   n - +0 scale mail
rPois    ∞         Spirit   .   (no helmet)
rElec    +         Reflect  .   j - +0 cloak
rCorr    .         Harm     .   (no gloves)
MR       .....                  (no boots)
Stlth    ..........             (no amulet)
HPRegen  0.14/turn              (no ring)
MPRegen  0.10/turn              (no ring)

@: no status effects
A: negative energy resistance 1, electricity resistance, unbreathing,
petrification resistance, rot immunity, AC +4
a: Berserk, Trog's Hand, Burn Spellbooks, Renounce Religion


You were on level 5 of the Dungeon.
You worshipped Trog.
Trog was pleased with you.
You were not hungry.

You visited 1 branch of the dungeon, and saw 5 of its levels.

You collected 167 gold pieces.

Inventory:

Hand Weapons
 a - a +0 war axe (weapon)
 o - a +0 hand axe
 z - a +0 shortbow
Missiles
 u - 44 arrows
Armour
 b - a +0 animal skin
 j - a +0 cloak (worn)
 n - a +0 scale mail (worn)
 r - a +0 ring mail
Jewellery
 v - a +2 ring of intelligence {unknown}
Scrolls
 d - 2 scrolls of teleportation {unknown}
 f - 4 scrolls of immolation {unknown}
 k - 3 scrolls of fear {unknown}
 l - 5 scrolls of identify {unknown}
 p - 2 scrolls of remove curse {unknown}
 q - a scroll of magic mapping {unknown}
Potions
 e - 3 potions of cancellation {unknown}
 g - 3 potions of might {unknown}
 h - 4 potions of curing {unknown}
 i - a potion of invisibility {unknown}
 m - a potion of degeneration {unknown}
 s - a potion of lignification {unknown}
Comestibles
 c - 14 rations
 t - 3 chunks of flesh


   Skills:
 + Level 4.6 Fighting
 + Level 5.4 Axes
 + Level 0.3 Bows
 + Level 3.2 Armour
 + Level 2.5 Dodging
 + Level 0.5 Stealth


You had 6 spell levels left.
You didn't know any spells.

Dungeon Overview and Level Annotations

Branches:
Dungeon (5/15)             Temple (0/1) D:4

Altars:
Elyvilon
Hepliaklqana
Okawaru
Yredelemnul

Annotations:
D:5 Ijyb


Innate Abilities, Weirdness & Mutations

You are resistant to torment.
Your stone body is resilient. (AC +4)
You are immune to poison.
You resist negative energy. (rN+)
You are resistant to electric shocks. (rElec)
You can survive without breathing.
You are immune to petrification.
You are immune to rotting.


Message History

You shoot an arrow. The arrow barely misses Ijyb.
Firing (i - inventory):
u - 46 arrows (quivered)
Press: ? - help, Shift-Dir - straight line, f/p - Ijyb
Aim: Ijyb, wielding an enchanted club and wearing a ring mail You shoot an arrow.
The arrow hits Ijyb but does no damage.
Firing (i - inventory):
u - 45 arrows (quivered)
Press: ? - help, Shift-Dir - straight line, f/p - Ijyb
Aim: Ijyb, wielding an enchanted club and wearing a ring mail You shoot an arrow.
The arrow closely misses Ijyb.
Ijyb screams, "Me kill you!" Ijyb closely misses you.
Wield which item (- for none, * to show all)? (? for menu, Esc to quit)
a - a +0 war axe (weapon)
You hit Ijyb but do no damage. Ijyb hits you but does no damage.
You closely miss Ijyb.
Ijyb zaps a wand.
The bolt of acid hits you!
You are splashed with acid!
The acid burns!
It is a wand of acid (9).
Ijyb zaps a wand.
The bolt of acid hits you!
* * * LOW HITPOINT WARNING * * *
You are splashed with acid!
The acid burns!
You die...

..# #####. ..#
......) ..#
...... ###..####
..... #...>(..#
... #.......#
#######'#
#..g.(..#
........######@##
#............#
#............#
#............#
#............#
#............#
#............#
#............#
#............#


You could see Ijyb.

Vanquished Creatures
  A phantom (D:4)
  A centaur (D:5)
  A scorpion (D:5)
  An orc priest (D:3)
  2 orc wizards (D:4)
  4 adders
  A shadow imp (D:5)
  An ooze (D:4)
  A dart slug (D:1)
  3 worms
  A leopard gecko (D:4)
  9 orcs
  3 ball pythons
  4 giant cockroaches
  6 goblins
  5 hobgoblins
  3 jackals (D:1)
  2 quokkas
  11 bats
  2 frilled lizards (D:2)
  6 kobolds
  A quokka skeleton (D:4)
  4 rats
73 creatures vanquished.

Notes
Turn   | Place    | Note
-------+----------+-------------------------------------------
     0 | D:1      | nikopol the Gargoyle Berserker began the quest for the Orb.
     0 | D:1      | Reached XP level 1. HP: 14/14 MP: 1/1
   240 | D:1      | Reached XP level 2. HP: 19/19 MP: 2/2
   253 | D:1      | Reached skill level 3 in Axes
   734 | D:2      | Reached XP level 3. HP: 24/24 MP: 3/3
  1013 | D:2      | Found a hazy altar of Hepliaklqana.
  1052 | D:2      | Reached ** piety under Trog
  1181 | D:2      | Found an iron altar of Okawaru.
  1599 | D:3      | Reached XP level 4. HP: 22/29 MP: 4/4
  1998 | D:3      | Found a faded altar of an unknown god.
  2009 | D:3      | Reached skill level 4 in Axes
  2010 | D:3      | Reached XP level 5. HP: 26/33 MP: 5/5
  2602 | D:4      | Found a basalt altar of Yredelemnul.
  2643 | D:4      | Found a staircase to the Ecumenical Temple.
  2715 | D:4      | Noticed a phantom
  2744 | D:4      | Killed a phantom
  2744 | D:4      | Reached XP level 6. HP: 23/39 MP: 6/6
  2891 | D:4      | Reached skill level 5 in Axes
  3027 | D:4      | Found a white marble altar of Elyvilon.
  3504 | D:5      | Entered Level 5 of the Dungeon
  3657 | D:5      | Reached XP level 7. HP: 41/44 MP: 7/7
  3699 | D:5      | Noticed Ijyb
  3705 | D:5      | Splashed by Ijyb's acid

Skill      XL: |  1  2  3  4  5  6 |
---------------+-------------------+-----
Axes           | 3 4 5 |  5.4
Dodging        | 2 |  2.5
Fighting       | 4 |  4.6
Armour         | 3 |  3.2
Bows           | |  0.3
Stealth        | |  0.5

Action                   |  1- 3 |  4- 6 |  7- 9 || total
-------------------------+-------+-------+-------++-------
Melee: Hand axe          |   120 |    22 |       ||   142
       War axe           |       |    97 |     2 ||    99
 Fire: Shortbow          |       |     9 |     3 ||    12
Invok: Berserk           |     1 |       |       ||     1
  Eat: Chunk             |     2 |     8 |       ||    10
Armor: Animal skin       |    56 |    22 |       ||    78
       Scale mail        |       |    62 |     1 ||    63
Dodge: Dodged            |    96 |   101 |     1 ||   198
